 Dungeon Crawl Stone Soup version 0.16-a0-2839-gd16e107 (webtiles) character file.

146 Engwar the Ruffian (level 5, -2/75 HPs)
             Began as a Troll Monk on Nov 29, 2014.
             Was a Believer of Dithmenos.
             Slain by Prince Ribbit (8 damage)
             ... on level 4 of the Dungeon.
             The game lasted 00:09:29 (2363 turns).

Engwar the Ruffian (Troll Monk)                     Turns: 2363, Time: 00:09:29

Health: -2/75      AC: 22    Str: 19    XL:     5   Next: 7%
Magic:  2/2        EV:  1    Int:  7    God:    Dithmenos [**....]
Gold:   237        SH:  0    Dex: 12    Spells: 2 memorised, 1 level left

rFire  . . .     SeeInvis .       - Unarmed
rCold  . . .     Clarity  .     a - melded +1 robe
rNeg   + + +     SustAb   .     (shield restricted)
rPois  +         Gourm    +     (helmet currently unavailable)
rElec  .         Spirit   .     p - melded +0 cloak
rCorr  .         Warding  .     (gloves unavailable)
rMut   .         NoTele   +     (boots unavailable)
MR     .....                    (no amulet)
Stlth  ++........               (no ring)
                                l - ring of flight

@: tree-form, very slightly contaminated, hasted, wreathed by umbra, very quick,
not resistant to hostile enchantments, unstealthy
A: unfitting armour, (claws 0), fast metabolism 3, gourmand, regeneration 2,
(shaggy fur 0), (tough skin 0)
a: Shadow Step, Renounce Religion


You were on level 4 of the Dungeon.
You worshipped Dithmenos.
Dithmenos was pleased with you.
You were completely stuffed.
You were a tree.
You visited 1 branch of the dungeon, and saw 4 of its levels.

You collected 237 gold pieces.


Innate Abilities, Weirdness & Mutations

You are too large for most types of armour.
((You have claws for hands.))
Your metabolism is lightning-fast.
You like to eat raw meat.
You heal very quickly.
((You are covered in fur (AC +1).))
((You have very tough skin (AC +2).))


   Skills:
 - Level 2.4 Fighting
 - Level 1.0 Throwing
 - Level 2.4 Dodging
 - Level 1.1 Stealth
 + Level 6.2 Unarmed Combat


You had one spell level left.
You knew the following spells:

 Your Spells              Type           Power        Failure   Level  Hunger
b - Blink                 Tloc           N/A          73%         2    ###....
e - Apportation           Tloc           #.........   47%         1    ##.....

Inventory:

Armour
 a - a +1 robe (melded)
 p - a +0 cloak (melded)
Jewellery
 l - a ring of flight (left branch)
Scrolls
 g - a scroll of identify
 o - a scroll of enchant armour
 q - a scroll of teleportation
Potions
 e - a potion of lignification {!q}
Books
 n - a book of Spatial Translocations

   Spells                             Type                      Level
   a - Apportation                    Translocation                1
   b - Blink                          Translocation                2
   c - Shroud of Golubria             Charms/Translocation         2
   d - Portal Projectile              Translocation                3
   e - Teleport Other                 Translocation                3
   f - Passage of Golubria            Translocation                4
Comestibles
 b - 3 meat rations
 c - 7 fruits
 f - 4 chunks of flesh {@*1}
 j - 4 bread rations

#.........# #.#
#......#).# #.#
#......#..# .
#......#..#
#......#..#
#########+###..###
........#.#...>..#
....(....#.#.##.#.#
...(.....♣F...#.#.#
.........#.#..#.#.#
........#.#..#.#.#
........#.#..#.#..
#####+###.#..#.#..
#.#..#.#.#
#.#..#.#. #.#..#
#.#..


You could see Prince Ribbit (bleeding).


Message History

You throw a large rock.
Prince Ribbit momentarily phases out as the large rock passes through him.
Throwing (i - inventory):
d - a large rock (quivered)
Aim: Prince Ribbit You throw a large rock.
The large rock completely misses Prince Ribbit.
Prince Ribbit blinks!
Prince Ribbit hits you!
* * * LOW HITPOINT WARNING * * *
You completely miss Prince Ribbit. Prince Ribbit hits you.
* * * LOW HITPOINT WARNING * * *
You claw Prince Ribbit!
Prince Ribbit is moderately wounded.
Prince Ribbit barely misses you.
You claw Prince Ribbit!
Prince Ribbit is heavily wounded.
Prince Ribbit lets out a mournful croak.
Prince Ribbit barely misses you.
You miss Prince Ribbit.
Prince Ribbit is heavily wounded.
Prince Ribbit hits you!
* * * LOW HITPOINT WARNING * * *
You completely miss Prince Ribbit.
Prince Ribbit is heavily wounded.
Prince Ribbit completely misses you.
Drink which item? (? for menu, Esc to quit)
Really quaff
e - 2 potions of lignification {!q}?
You turn into a tree.
Your roots penetrate the ground.
Prince Ribbit hits you!
You die...

Action                   |  1- 3 |  4- 6 || total
-------------------------+-------+-------++-------
Melee: Unarmed           |   115 |    68 ||   183
Throw: Large rock        |       |     2 ||     2
  Use: Scroll            |     6 |     4 ||    10
       Potion            |       |     9 ||     9
 Stab: Sleeping          |     2 |     3 ||     5
  Eat: Chunk             |    18 |     9 ||    27

Vault maps used:
D:1:      dpeg_arrival_ternary
D:2:      lemuel_coloured_pillars_altar, gammafunk_temple_overflow_elements,
          dk_noncrumbling_2, guppyfry_early_lair_pool
D:3:      kennysheep_decorative_pillar, nemelex_dance_club_becter
D:4:      kennysheep_generic_room_8, uniq_prince_ribbit1, uniq_grinder,
          uniq_menkaure, uniq_blork_the_orc

Notes
Turn   | Place    | Note
--------------------------------------------------------------
     0 | D:1      | Engwar, the Troll Monk, began the quest for the Orb.
     0 | D:1      | Reached XP level 1. HP: 22/22 MP: 1/1
   214 | D:1      | Reached skill level 1 in Throwing
   214 | D:1      | Reached XP level 2. HP: 29/29 MP: 1/1
   789 | D:2      | Reached XP level 3. HP: 36/36 MP: 2/2
   872 | D:2      | Found a shadowy altar of Dithmenos.
   885 | D:2      | Became a worshipper of Dithmenos the Shadowed
   885 | D:2      | Acquired Dithmenos' first power
  1007 | D:2      | Found an opulent altar of Gozag.
  1007 | D:2      | Found an iron altar of Okawaru.
  1034 | D:2      | Reached skill level 5 in Unarmed Combat
  1052 | D:2      | Learned a level 1 spell: Apportation
  1369 | D:3      | Reached XP level 4. HP: 40/44 MP: 2/2
  1465 | D:3      | HP: 4/44 [poisoned by an orc wizard]
  1470 | D:3      | HP: 3/44 [poisoned by an orc wizard]
  1476 | D:3      | HP: 3/44 [poisoned by an orc wizard]
  1482 | D:3      | HP: 4/44 [poisoned by an orc wizard]
  1780 | D:3      | Reached skill level 6 in Unarmed Combat
  2107 | D:3      | Found a sparkling altar of Nemelex Xobeh.
  2297 | D:4      | Reached XP level 5. HP: 50/50 MP: 2/2
  2321 | D:4      | Learned a level 2 spell: Blink
  2336 | D:4      | Noticed Prince Ribbit
  2361 | D:4      | HP: 3/50 [Prince Ribbit (14)]
  2363 | D:4      | Slain by Prince Ribbit

Vanquished Creatures
  An orc wizard (D:3)
  4 adders
  2 giant geckos
  2 oozes
  8 orcs (D:3)
  4 giant cockroaches
  11 hobgoblins
  3 jackals (D:1)
  2 ball pythons
  8 bats
  2 giant newts
  8 goblins
  5 kobolds
  2 quokkas (D:2)
  8 rats
70 creatures vanquished.
